 Dungeon Crawl Stone Soup version 0.30-a0-219-gf2db51d15e (webtiles) character file.

Game seed: 15415520868050279359

40818 ragingrage the Stormcaller (level 14, -6/86 HPs)
             Began as a Tengu Air Elementalist on Oct 6, 2022.
             Was a High Priest of Vehumet.
             Mangled by a cane toad (10 damage)
             ... while petrified by a basilisk
             ... on level 5 of the Lair of Beasts.
             The game lasted 00:41:04 (23995 turns).

ragingrage the Stormcaller (TeAE)                  Turns: 23995, Time: 00:41:05

Health: -6/86      AC:  8    Str:  9    XL:     14   Next: 12%
Magic:  23/36      EV:  2    Int: 27    God:    Vehumet [*****.]
Gold:   1668       SH:  0    Dex: 14    Spells: 1/30 levels left

rFire   + . .      SeeInvis .    U - +3 dagger (venom)
rCold   . . .      Faith    .    W - +0 kite shield
rNeg    + + +      Spirit   .    N - +2 robe {rF+}
rPois   ∞          Reflect  .    C - +1 hat
rElec   .          Harm     .    O - +1 cloak
rCorr   .          Rampage  .    e - +0 pair of gloves
Will    +....                    (boots unavailable)
Stlth   ++........               (no amulet)
HPRegen 0.34/turn                b - ring of magical power
MPRegen 0.25/turn                x - +6 ring of intelligence

@: lethally poisoned (-6 -> -6), petrified, frozen, flying quickly and
evasively, studying Throwing, slow
A: beak, talons 3, nimble flight
a: Renounce Religion


You were on level 5 of the Lair of Beasts.
You worshipped Vehumet.
Vehumet was extremely pleased with you.
You visited 3 branches of the dungeon, and saw 19 of its levels.
You also visited: Bailey.

You collected 1724 gold pieces.
You spent 56 gold pieces at shops.

Inventory:

Hand Weapons
 y - a +3 short sword of flaming
 U - a +3 dagger of venom (weapon)
Missiles
 g - a curare-tipped dart
 F - 57 poisoned darts
 J - 4 datura-tipped darts
 L - 4 atropa-tipped darts
 T - 2 throwing nets
Armour
 e - a +0 pair of gloves (worn)
 C - a +1 hat (worn)
 N - a +2 robe of fire resistance (worn)
 O - a +1 cloak (worn)
 S - +0 acid dragon scales
 V - a +0 troll leather armour
 W - a +0 kite shield (worn)
Jewellery
 b - a ring of magical power (left hand)
 m - a +4 ring of evasion
 o - a ring of see invisible
 q - a ring of poison resistance
 x - a +6 ring of intelligence (right hand)
 P - a ring of wizardry
 R - a ring of protection from cold
Wands
 k - a wand of digging (4)
 l - a wand of roots (21)
 n - a wand of charming (4)
 w - a wand of acid (21)
Scrolls
 d - 6 scrolls of magic mapping
 f - 6 scrolls of immolation
 h - 4 scrolls of enchant armour
 i - 5 scrolls of amnesia
 s - 4 scrolls of silence
 t - a scroll of brand weapon
 E - 3 scrolls of vulnerability
 H - a scroll of enchant weapon
 I - a scroll of summoning
 K - 9 scrolls of teleportation
 Q - 2 scrolls of fear
Potions
 a - 2 potions of attraction {unknown}
 c - 2 potions of invisibility
 j - 7 potions of curing
 p - 10 potions of heal wounds
 u - 4 potions of mutation
 v - 3 potions of lignification
 z - 6 potions of brilliance
 A - 3 potions of might
 B - 2 potions of resistance {unknown}
 D - 5 potions of berserk rage
 G - 3 potions of ambrosia {unknown}
 M - 4 potions of cancellation {unknown}
 X - 3 potions of haste


   Skills:
 + Level 9.2 Fighting
 - Level 5.0 Armour
 + Level 10.6 Dodging
 - Level 2.0 Stealth
 + Level 5.3 Shields
 + Level 8.8 Spellcasting
 + Level 14.5 Conjurations
 - Level 1.0 Translocations
 + Level 15.1 Air Magic
 - Level 5.0 Evocations


You had one spell level left.
You knew the following spells:

 Your Spells              Type           Power      Damage    Failure   Level
a - Shock                 Conj/Air       100%       1d9       1%          1
b - Static Discharge      Conj/Air       100%       2-7/arc   1%          2
c - Swiftness             Air            76%        N/A       1%          3
d - Airstrike             Air            38%        2d(6-22)  1%          4
e - Mephitic Cloud        Conj/Pois/Air  60%        N/A       1%          3
f - Blink                 Tloc           34%        N/A       14%         2
g - Fulminant Prism       Conj/Hex       25%        3d14      1%          4
h - Lightning Bolt        Conj/Air       37%        1d56      1%          5
i - Arcjolt               Conj/Air       37%        1d47      1%          5

Your spell library contained the following spells:

 Spells                   Type           Power      Damage    Failure   Level
 Conjure Ball Lightning   Conj/Air       37%        3x3d12    1%          6
 Magic Dart               Conj           100%       1d8       1%          1
 Necrotise                Necr           44%        1d6       14%         1
 Momentum Strike          Conj/Tloc      100%       3d10      1%          2
 Searing Ray              Conj           100%       2d8       1%          2
 Vhi's Electric Charge    Tloc/Air       100%       N/A       1%          3
 Call Imp                 Summ           11%        N/A       21%         2
 Lesser Beckoning         Tloc           34%        N/A       26%         3
 Vampiric Draining        Necr           11%        2d6       38%         3
 Lee's Rapid Deconstruct  Erth           5%         3d7*      65%         5
 Leda's Liquefaction      Hex/Erth       5%         N/A       80%         4
 Agony                    Necr           11%        N/A       98%         5
 Statue Form              Tmut/Erth      7%         N/A       100%        6


Dungeon Overview and Level Annotations

Branches:
Dungeon (13/15)            Temple (1/1) D:4            Lair (5/5) D:11
 Shoals (0/4) Lair:2       Spider (0/4) Lair:3        Slime (0/5) Lair:5
    Orc (0/2) D:10         Bailey (visited)
 Vaults: D:13-14

Altars:
Ashenzari
Cheibriados
Dithmenos
Elyvilon
Fedhas
Gozag
Hepliaklqana
Kikubaaqudgha
Makhleb
Nemelex Xobeh
Okawaru
Qazlal
Ru
Sif Muna
Trog
Uskayaw
Vehumet
Wu Jian
Xom
Yredelemnul
Zin
The Shining One

Shops:
D:9 *

Annotations:
D:4 3 runed translucent doors, Juicyj's ghost, amateur DrVM
D:6 exclusion: downstairs
D:8 exclusion: downstairs
D:12 exclusion: downstairs
Lair:1 2 transporters, exclusion: downstairs, KennySheep's ghost, journeyman DjHW
Lair:3 exclusion: downstairs


Innate Abilities, Weirdness & Mutations

You have a beak for a mouth.
You have claws for feet.
Your magical nature lets you fly swiftly and evasively.


Message History

Vehumet accepts your kill.
You feel your power returning.
You hear a loud, deep croak!
You hear an angry hiss.
You hear a roar!
You hear a trumpeting!
The cane toad completely misses you.
A cane toad comes into view.
The cane toad stings you.
You are poisoned.
The cane toad poisons you!
You have turned to stone.
The cane toad stings you!!
You hear the brisk rumble of an avalanche of rocks nearby.
The cane toad stings you!
A rime drake comes into view.
The cane toad stings you. The cane toad stings you!! The cane toad stings you.
The rime drake breathes ice at you. The flash freeze hits you!!
You are encased in ice.
The cane toad stings you!
A dire elephant comes into view.
The cane toad stings you but does no damage.
The cane toad stings you!! The ice encasing you melts away.
The cane toad stings you but does no damage.
The cane toad stings you!
A four-headed hydra comes into view.
The cane toad stings you.
* * * LOW HITPOINT WARNING * * *
The cane toad stings you.
* * * LOW HITPOINT WARNING * * *
The cane toad stings you!
* * * LOW HITPOINT WARNING * * *
The cane toad stings you.
* * * LOW HITPOINT WARNING * * *
The rime drake breathes ice at you. The flash freeze hits you!!
* * * LOW HITPOINT WARNING * * *
You are encased in ice.
The cane toad stings you!!
You die...

###.P..†+..[....†....†.#....
#.......##.....#......P##...
##...#..##....P#†......#....
####...#####P.#......#.#...
##.....######.......##...
#......##...#......####..
#............†........#....
#...........†...............
...........@..†.............
..........FFk..........<....
............................
.......Y...................
..........................
........D..........).....
........................
....................>...
.....................


You could see a dire elephant, a four-headed hydra (wandering), 2 cane toads and
a rime drake (catching breath).

Vanquished Creatures
  Nessos (Lair:5)
  Josephine (Lair:4)
  Erolcha (D:11)
  3 hydras
  A centaur warrior (D:13)
  3 two-headed ogres
  Urug (Lair:2)
  Amaemon (D:7)
  A fire crab (Lair:4)
  An orb spider (Lair:3)
  Pikel (D:8)
  A deep elf pyromancer (D:12)
  An ugly thing (D:12)
  4 oklob plants (Lair:3)
  2 manticores
  2 cyclopes
  Maurice (D:8)
  3 black mambas
  A merfolk siren (Lair:2)
  A centaur zombie (D:11)
  An orange demon (D:8)
  7 cane toads
  Maggie (Lair:1)
  2 rime drakes (Lair:4)
  An unseen horror (D:11)
  Psyche (D:9)
  5 kobold demonologists (D:11)
  4 komodo dragons
  6 trolls
  2 polar bears (D:12)
  9 blink frogs
  A meliai zombie (D:11)
  A vampire (D:11)
  35 yaks
  2 wyverns
  2 basilisks
  8 wraiths
  Grum (D:8)
  4 vampire mosquitoes (D:13)
  3 acid dragons
  7 water moccasins
  13 orc warriors
  An ice beast (D:6)
  A swamp drake (D:10)
  2 black bears
  2 ogres
  12 wolves
  2 centaurs
  7 kobold brigands
  A necrophage (D:6)
  8 bullfrogs
  3 gnoll sergeants
  4 scorpions
  5 wights (D:6)
  6 killer bees
  A howler monkey (D:10)
  An electric eel (Lair:4)
  3 hounds
  A gnoll bouda (D:5)
  7 orc priests
  2 iguanas
  20 orc wizards
  Ijyb (D:3)
  16 gnolls
  11 adders
  A white imp (D:7)
  2 worms (D:2)
  7 dart slugs
  49 orcs
  6 ball pythons
  5 bats
  8 endoplasms
  A giant cockroach (D:2)
  12 goblins
  7 hobgoblins
  9 jackals
  32 kobolds
  6 quokkas
  4 frilled lizards (D:1)
  5 rats
418 creatures vanquished.

Vanquished Creatures (collateral kills)
  5 elephants (Lair:3)
  A kobold demonologist (D:11)
  A water moccasin (Lair:3)
7 creatures vanquished.

Vanquished Creatures (others)
  A ball python (D:3)
  2 fulminant prisms
  40 fungi
  93 plants
136 creatures vanquished.

Grand Total: 561 creatures vanquished

Notes
Turn   | Place    | Note
-------+----------+-------------------------------------------
     0 | D:1      | ragingrage the Tengu Air Elementalist began the quest for
                  | the Orb.
     0 | D:1      | Reached XP level 1. HP: 10/10 MP: 4/4
   212 | D:1      | Found a faded altar of an unknown god.
   215 | D:1      | Reached XP level 2. HP: 15/15 MP: 4/6
   454 | D:1      | Learned a level 2 spell: Static Discharge
   630 | D:1      | Reached XP level 3. HP: 17/19 MP: 4/7
  1790 | D:2      | Reached XP level 4. HP: 24/24 MP: 9/9
  1903 | D:2      | Reached skill level 5 in Air Magic
  2659 | D:3      | Noticed Ijyb
  2669 | D:3      | Killed Ijyb
  2670 | D:3      | Gained mutation: Your magical nature lets you fly swiftly
                  | and evasively. [Tengu growth]
  2670 | D:3      | Reached XP level 5. HP: 28/28 MP: 9/10
  2793 | D:3      | Found a burning altar of Makhleb.
  2793 | D:3      | Noticed a green death
  2796 | D:3      | Noticed a hellwing
  2796 | D:3      | Noticed a neqoxec
  2884 | D:3      | Found a radiant altar of Vehumet.
  3001 | D:3      | Learned a level 3 spell: Mephitic Cloud
  3005 | D:3      | Learned a level 3 spell: Swiftness
  3218 | D:3      | Noticed an ogre
  3235 | D:3      | Killed an ogre
  3236 | D:3      | Reached skill level 6 in Air Magic
  3236 | D:3      | Reached XP level 6. HP: 32/32 MP: 12/12
  3853 | D:4      | Reached skill level 5 in Conjurations
  4204 | D:4      | Found a runed translucent gate.
  4204 | D:4      | Found a runed translucent gate.
  4204 | D:4      | Found a runed translucent gate.
  4228 | D:4      | Noticed Juicyj's ghost (amateur DrVM)
  4327 | D:4      | Found a staircase to the Ecumenical Temple.
  4335 | Temple   | Entered the Ecumenical Temple
  4930 | D:3      | Became a worshipper of Vehumet
  5147 | D:4      | Reached XP level 7. HP: 32/36 MP: 14/14
  5774 | D:5      | Entered Level 5 of the Dungeon
  5828 | D:5      | Reached skill level 7 in Air Magic
  5838 | D:5      | Learned a level 4 spell: Airstrike
  6204 | D:5      | Found a bloodstained altar of Trog.
  6397 | D:5      | Found an ancient bone altar of Kikubaaqudgha.
  6698 | D:6      | Reached skill level 5 in Spellcasting
  6698 | D:6      | Reached XP level 8. HP: 41/41 MP: 16/16
  6769 | D:6      | Reached skill level 8 in Air Magic
  7106 | D:6      | Reached * piety under Vehumet
  7106 | D:6      | Offered knowledge of Kiss of Death by Vehumet.
  7139 | D:6      | Reached skill level 9 in Air Magic
  7640 | D:7      | Noticed a white ugly thing
  7712 | D:7      | Reached XP level 9. HP: 29/45 MP: 16/19
  8344 | D:8      | Reached skill level 1 in Armour
  8513 | D:7      | Reached skill level 1 in Fighting
  8576 | D:8      | Noticed Pikel
  8583 | D:8      | Killed Pikel
  8611 | D:8      | Found a flagged portal.
  8636 | Bailey   | Entered a bailey
  8652 | Bailey   | Reached skill level 10 in Air Magic
  8659 | Bailey   | Offered knowledge of Foxfire by Vehumet.
  8661 | Bailey   | Reached ** piety under Vehumet
  9010 | Bailey   | Found a burning altar of Makhleb.
  9080 | D:8      | Noticed Grum
  9747 | D:7      | Reached XP level 10. HP: 56/56 MP: 21/21
  9750 | D:7      | Learned a level 2 spell: Blink
  9833 | D:7      | Found an iron altar of Okawaru.
 10219 | D:8      | Noticed Maurice
 10234 | D:8      | Killed Maurice
 10499 | D:8      | Killed Grum
 10500 | D:8      | Reached skill level 1 in Translocations
 10634 | D:8      | Noticed Amaemon
 10634 | D:8      | Noticed an orange demon
 10699 | D:7      | Killed Amaemon
 10700 | D:7      | Reached skill level 5 in Dodging
 10700 | D:7      | Reached skill level 10 in Conjurations
 10896 | D:8      | Killed an orange demon
 10897 | D:8      | Reached skill level 11 in Air Magic
 11083 | D:8      | Found a sacrificial altar of Ru.
 11118 | D:9      | Noticed Psyche
 11163 | D:9      | Killed Psyche
 11370 | D:9      | Found Riddin's General Store.
 11396 | D:9      | Noticed a two-headed ogre
 11421 | D:9      | Killed a two-headed ogre
 11561 | D:9      | Bought a scroll of fear for 56 gold pieces
 11658 | D:9      | Found an opulent altar of Gozag.
 11732 | D:9      | Found a shimmering altar of Xom.
 11772 | D:9      | Noticed a two-headed ogre
 11827 | D:9      | Killed a two-headed ogre
 11828 | D:9      | Reached skill level 5 in Fighting
 11828 | D:9      | Reached XP level 11. HP: 51/64 MP: 12/22
 12283 | D:10     | Entered Level 10 of the Dungeon
 12335 | D:10     | Found a hazy altar of Hepliaklqana.
 12780 | D:10     | Offered knowledge of Frozen Ramparts by Vehumet.
 12816 | D:10     | Learned a level 4 spell: Fulminant Prism
 12846 | D:10     | Reached skill level 12 in Air Magic
 13192 | D:10     | Reached *** piety under Vehumet
 13368 | D:10     | Offered knowledge of Flame Wave by Vehumet.
 13398 | D:10     | Found a staircase to the Orcish Mines.
 13898 | D:11     | Found a staircase to the Lair.
 13900 | D:11     | Noticed a manticore
 13911 | D:11     | Killed a manticore
 14132 | D:11     | Noticed a cyclops
 14140 | D:11     | Killed a cyclops
 14532 | D:11     | Reached skill level 13 in Air Magic
 14650 | D:11     | Noticed Erolcha
 14658 | D:11     | Killed Erolcha
 14798 | D:11     | Reached **** piety under Vehumet
 14799 | D:11     | Reached XP level 12. HP: 72/72 MP: 23/23
 14955 | D:11     | Offered knowledge of Hailstorm by Vehumet.
 15254 | D:11     | Reached skill level 1 in Evocations
 15531 | D:11     | Found a basalt altar of Yredelemnul.
 16108 | D:12     | Found a bloodstained altar of Trog.
 16152 | D:12     | Reached skill level 1 in Shields
 16694 | D:13     | Identified the +2 leather armour of the Wild Haggis {rCorr}
 16840 | D:13     | Noticed a centaur warrior
 16858 | D:13     | Killed a centaur warrior
 17169 | D:13     | Noticed a two-headed ogre
 17179 | D:13     | Killed a two-headed ogre
 17369 | Lair:1   | Entered Level 1 of the Lair of Beasts
 17450 | Lair:1   | Noticed KennySheep's ghost (journeyman DjHW)
 17452 | Lair:1   | Found a transporter.
 17455 | Lair:1   | Found a transporter.
 17469 | Lair:1   | Reached ***** piety under Vehumet
 17636 | Lair:1   | Noticed Maggie
 17668 | Lair:1   | Killed Maggie
 17669 | Lair:1   | Reached skill level 14 in Air Magic
 17954 | Lair:1   | Learned a level 5 spell: Lightning Bolt
 18406 | Lair:2   | Offered knowledge of Olgreb's Toxic Radiance by Vehumet.
 18476 | Lair:2   | Reached skill level 5 in Armour
 18579 | Lair:2   | Reached XP level 13. HP: 78/78 MP: 25/25
 18723 | Lair:2   | Noticed Urug
 18837 | Lair:2   | Killed Urug
 20089 | Lair:2   | Found a staircase to the Shoals.
 20704 | Lair:3   | Reached skill level 10 in Dodging
 21222 | Lair:3   | Offered knowledge of Conjure Ball Lightning by Vehumet.
 21482 | Lair:3   | Found a hole to the Spider Nest.
 21909 | Lair:4   | Reached skill level 5 in Evocations
 22187 | Lair:4   | Noticed Josephine
 22374 | Lair:3   | Learned a level 5 spell: Arcjolt
 22530 | Lair:4   | Killed Josephine
 23591 | Lair:4   | Reached skill level 5 in Shields
 23591 | Lair:4   | Reached skill level 15 in Air Magic
 23730 | Lair:5   | Entered Level 5 of the Lair of Beasts
 23730 | Lair:5   | Found a staircase to the Slime Pits.
 23736 | Lair:5   | Reached XP level 14. HP: 86/86 MP: 23/27
 23881 | Lair:5   | Noticed Nessos
 23887 | Lair:5   | Killed Nessos
 23991 | Lair:5   | Noticed a dire elephant
 23995 | Lair:5   | HP: 4/86 [rime drake/flash freeze (10)]
 23995 | Lair:5   | Mangled by a cane toad

Illustrated notes

Levels and vault maps discovered:
D:1:      mrwooster_arrival_arrow, layout_basic,
          nicolae_ecumenical_snake_handling
D:2:      layout_basic
D:3:      layout_basic, fiery_altar_vehumet, makhleb_altar_promises_db,
          serial_bayou_ford_a, kennysheep_potato, uniq_ijyb
D:4:      layout_layer_cave, minmay_temple_entry_proselytizer,
          gammafunk_ghost_icy, lightli_minifort
D:5:      layout_rooms, mainiacjoe_overflow_concentric_impassable,
          kennysheep_diamond
D:6:      layout_basic
D:7:      layout_basic, mainiacjoe_overflow_alcove_4, lemuel_flame_loot_1
D:8:      layout_cave_pools, mainiacjoe_overflow_catwalk, enter_bailey_5,
          uniq_grum, uniq_pikel, uniq_amaemon, uniq_maurice
D:9:      minmay_flawed_box, layout_rooms, general_overflow_altar,
          grunt_gozag_statues, serial_shops, shop, uniq_psyche
D:10:     layout_basic, mainiacjoe_overflow_small_starburst, erik_orc_1,
          minivault_10
D:11:     layout_roguey [special_room_orc], lair_entry_dummy,
          lemuel_zombie_altar_yredelemnul, uniq_erolcha
D:12:     layout_small_grid, trog_ov_bears_minmay
D:13:     layout_cave_pods, david_vaults_4, serial_column_ruins,
          column_ruins_hut_water, column_ruins_hut, column_ruins_open_tiny,
          column_ruins_corridor_dead_end, column_ruins_open_large,
          column_ruins_grid_2, column_ruins_grid_1, serial_shops,
          shop_fountains, nicolae_ashenzari_skybound
Temple:   minmay_temple_curvy_branch
Lair:1:   layout_roguey, gammafunk_ghost_arena, uniq_maggie
Lair:2:   layout_roguey, minmay_shoals_entry_lonely_mermaid, minivault_23,
          beast_lair_carwin_5, serial_bayou_shore_a, uniq_urug
Lair:3:   minmay_lair_oklob_tunnel, layout_chaotic_city,
          nicolae_spider_entry_orb_guardian, lemuel_fruit_tree,
          lemuel_fruit_fields, grunt_megastairs_1
Lair:4:   hellmonk_ruined_rings, layout_layer_cave, serial_bayou_pond_c,
          uniq_josephine
Lair:5:   evil_forest, layout_regular_city, slime_entry_1, enter_volcano_4,
          uniq_nessos

Skill      XL: |  1  2  3  4  5  6  7  8  9 10 11 12 13 |
---------------+----------------------------------------+-----
Conjurations   | 2 3 4 5 6 8 9 11 12 13 14 | 14.5
Air Magic      | 5 6 7 9 10 11 13 14 15 | 15.1
Spellcasting   | 3 4 5 6 7 8 |  8.8
Armour         | 3 5 |  5.0
Fighting       | 3 5 7 9 |  9.2
Dodging        | 4 6 8 9 10 | 10.6
Translocations | 1 |  1.0
Evocations     | 3 5 |  5.0
Shields        | 2 5 |  5.3
Stealth        | |  2.0

Action                   |  1- 3 |  4- 6 |  7- 9 | 10-12 | 13-15 || total
-------------------------+-------+-------+-------+-------+-------++-------
Melee: Unarmed           |     6 |     4 |       |       |       ||    10
       Kick              |     1 |     3 |     6 |    30 |    28 ||    68
       Peck              |     1 |       |     6 |    15 |    22 ||    44
       Spear             |       |     1 |       |       |       ||     1
       Dagger            |       |     3 |     4 |    53 |    80 ||   140
       Short sword       |       |       |    16 |    11 |       ||    27
       Punch             |       |       |     1 |       |       ||     1
 Cast: Shock             |    76 |   126 |   235 |   400 |   104 ||   941
       Static Discharge  |       |     5 |    20 |    75 |    27 ||   127
       Mephitic Cloud    |       |       |    12 |    59 |    25 ||    96
       Airstrike         |       |       |     2 |    66 |    72 ||   140
       Fulminant Prism   |       |       |       |     1 |     1 ||     2
       Lightning Bolt    |       |       |       |       |    27 ||    27
       Arcjolt           |       |       |       |       |     5 ||     5
       Blink             |       |       |       |       |     1 ||     1
Evoke: Wand              |       |       |       |     1 |       ||     1
  Use: Potion            |     1 |       |     1 |       |       ||     2
       Scroll            |       |       |     6 |     1 |    15 ||    22
 Stab: Sleeping          |       |     1 |     1 |     1 |       ||     3
       Confused          |       |       |     1 |     3 |     5 ||     9
Armor: Robe              |     7 |    11 |     9 |    12 |     5 ||    44
       Troll leather arm |       |       |       |    11 |     7 ||    18
       Acid dragon scale |       |       |       |       |     4 ||     4
Dodge: Dodged            |    16 |    33 |    89 |   167 |    96 ||   401
Block: Kite shield       |       |       |       |    24 |    65 ||    89

Table legend: (Time is in decaauts)
 A = Elapsed time spent in this place.
 B = Non-inter-level travel time spent in this place.
 C = Inter-level travel time spent in this place.
 D = Time resting spent in this place.
 E = Time spent auto-exploring this place.
 F = Levels seen in this place.
 G = Mean time per level.
                   A        B        C        D        E       F      G
               +--------+--------+--------+--------+--------+-----+--------+
         Total |  22858 |  21609 |   1249 |   3975 |  14245 |  20 | 1142.9 |
       Dungeon |  15925 |  14890 |   1035 |   2220 |  10421 |  13 | 1225.0 |
        Temple |    237 |    234 |      3 |      0 |    231 |   1 |  237.0 |
          Lair |   6297 |   6087 |    210 |   1523 |   3555 |   5 | 1259.4 |
        Bailey |    398 |    398 |      0 |    232 |     37 |   1 |  398.0 |
               +--------+--------+--------+--------+--------+-----+--------+

Top non-repeatable levels by time:
  Lair:3: 1936 daAuts
  Lair:2: 1793 daAuts
    D:11: 1647 daAuts
     D:7: 1617 daAuts
     D:4: 1523 daAuts
    D:10: 1519 daAuts
     D:3: 1373 daAuts
  Lair:4: 1371 daAuts
     D:6: 1298 daAuts
     D:2: 1214 daAuts
     D:1: 1212 daAuts
    D:12: 1197 daAuts
     D:8: 1059 daAuts
     D:9: 941 daAuts
  Lair:1: 938 daAuts
